Map: Lerilak Crest

Players

DIESEL - Winner!

  • Race: Protoss Protoss
  • League: Grandmaster

Javert

  • Race: Zerg Zerg
  • League: Grandmaster

VOD

Have the link to the VOD?

Description

Time

  • Played on: Sept. 20, 2015, 9:04 p.m.
  • Length: 13:24
Show
View Real Time Build Order
Export as new Build Order

DIESEL Protoss - Winner!

Build Orders:  

Get SALT Encoding   

  12  0:00  Probe (Chrono Boost)  
  13  0:16  Pylon  
  13  0:18  Probe (Chrono Boost)  
  14  0:28  Probe (Chrono Boost)  
  15  0:38  Probe (Chrono Boost)  
  16  0:48  Probe (Chrono Boost)  
  17  0:58  Probe (Chrono Boost)  
  18  1:06  Nexus  
  18  1:09  Probe (Chrono Boost)  
  19  1:21  Forge  
  19  1:22  Probe (Chrono Boost)  
  20  1:27  Pylon  
  20  1:31  Probe (Chrono Boost)  
  21  1:41  Probe (Chrono Boost)  
  22  1:51  Probe (Chrono Boost)  
  23  1:54  Photon Cannon  
  23  1:56  Pylon  
  23  2:01  Photon Cannon  
  23  2:09  Gateway  
  23  2:14  Assimilator  
  23  2:15  Probe (Chrono Boost)  
  23  2:21  Assimilator  
  24  2:24  Probe (Chrono Boost)  
  25  2:31  Pylon  
  25  2:32  Probe (Chrono Boost)  
  25  2:34  Probe (Chrono Boost)  
  27  2:42  Probe (Chrono Boost)  
  27  2:44  Probe (Chrono Boost)  
  29  2:52  Probe (Chrono Boost)  
  29  2:54  Photon Cannon  
  29  2:55  Assimilator  
  29  2:57  Probe (Chrono Boost)  
  31  3:02  Probe (Chrono Boost)  
  32  3:10  Cybernetics Core, Probe (Chrono Boost)  
  33  3:15  Assimilator  
  33  3:18  Probe (Chrono Boost)  
  34  3:20  Probe (Chrono Boost)  
  35  3:28  Probe (Chrono Boost), Pylon  
  35  3:30  Probe (Chrono Boost)  
  37  3:37  Probe (Chrono Boost)  
  37  3:40  Probe (Chrono Boost)  
  39  3:47  Mothership Core (Chrono Boost)  
  41  3:49  Sentry  
  41  3:50  Probe (Chrono Boost)  
  41  3:52  Stargate  
  41  3:55  Photon Cannon  
  44  3:56  Warp Gate (Chrono Boost)  
  44  3:58  Probe (Chrono Boost)  
  45  4:06  Probe  
  45  4:08  Probe  
  47  4:18  Probe x2  
  47  4:24  Pylon  
  49  4:28  Nexus  
  49  4:34  Oracle (Chrono Boost)  
  52  4:43  Photon Cannon  
  52  4:45  Probe  
  52  4:46  Probe  
  52  4:47  Pylon  
  54  4:55  Probe  
  55  5:05  Probe  
  55  5:10  Probe  
  56  5:17  Probe  
  56  5:21  Photon Cannon  
  57  5:22  Photon Cannon  
  57  5:23  Pylon  
  57  5:25  Pylon  
  57  5:28  Stargate  
  57  5:31  Probe, Void Ray (Chrono Boost), Assimilator  
  62  5:35  Fleet Beacon, Assimilator  
  62  5:36  Probe  
  62  5:39  Probe  
  64  5:54  Probe  
  64  5:56  Probe  
  66  5:59  Probe, Protoss Air Weapons Level 1  
  66  6:01  Carrier (Chrono Boost)  
  67  6:05  Probe  
  67  6:08  Probe  
  69  6:21  Probe, Carrier (Chrono Boost)  
  69  6:22  Graviton Catapult  
  69  6:23  Probe  
  69  6:25  Protoss Ground Weapons Level 1  
  77  6:30  Pylon  
  77  6:32  Probe x2, Photon Cannon  
  77  6:38  Probe  
  86  6:41  Probe  
  86  6:42  Probe  
  88  6:50  Probe  
  88  6:52  Probe x2  
  88  6:53  Stargate  
  91  6:57  Twilight Council  
  91  7:07  Probe  
  91  7:09  Probe, Pylon, Carrier (Chrono Boost)  
  93  7:22  Pylon  
  93  7:33  Probe  
  93  7:36  Pylon  
  100  7:37  Carrier (Chrono Boost)  
  100  7:40  Carrier (Chrono Boost)  
  91  7:58  Zealot  
  91  8:00  Probe, Pylon  
  91  8:02  Probe  
  107  8:08  Pylon  
  107  8:12  Dark Shrine  
  107  8:19  Pylon  
  107  8:26  Pylon  
  107  8:36  Carrier (Chrono Boost)  
  107  8:40  Probe  
  107  8:42  Probe  
  107  8:45  Pylon  
  107  8:48  Forge, Carrier (Chrono Boost)  
  109  8:51  Gateway  
  109  8:56  Gateway  
  109  8:59  Gateway  
  109  9:00  Gateway  
  109  9:01  Carrier (Chrono Boost)  
  109  9:02  Gateway  
  114  9:23  Protoss Air Weapons Level 2  
  120  9:27  Protoss Ground Weapons Level 2  
  120  9:28  Carrier (Chrono Boost)  
  120  9:30  Pylon  
  120  9:33  Photon Cannon  
  120  9:35  Photon Cannon  
  120  9:38  Zealot  
  127  9:56  Dark Templar x4  
  135  10:11  Carrier (Chrono Boost)  
  135  10:22  Carrier (Chrono Boost)  
  135  10:34  Zealot  
  147  10:54  Dark Templar  
  147  10:55  Dark Templar x3  
  153  11:09  Carrier x2 (Chrono Boost)  
  151  11:20  Nexus  
  157  11:35  Zealot  
  157  11:36  Dark Templar x4  
  167  11:52  Archon x2  
  166  12:18  Dark Templar x5  
  168  12:27  Archon x2  
  154  13:03  Nexus  
  144  13:12  Nexus  
  140  13:20  Dark Templar x2  
  140  13:21  Dark Templar x4  
Show
View Real Time Build Order
Export as new Build Order

Javert Zerg 

Build Orders: Hatch First 

Get SALT Encoding   

  12  0:02  Drone  
  13  0:14  Overlord  
  13  0:18  Drone  
  14  0:33  Drone x2  
  16  0:36  Drone  
  17  0:51  Drone  
  18  1:02  Hatchery  
  17  1:04  Drone  
  17  1:07  Extractor  
  17  1:18  Spawning Pool  
  15  1:23  Drone  
  15  1:24  Drone  
  17  1:33  Drone  
  18  1:41  Drone  
  20  1:54  Drone  
  20  2:02  Overlord  
  20  2:06  Queen  
  22  2:11  Metabolic Boost  
  22  2:13  Queen  
  24  2:18  Overlord  
  24  2:23  Zergling x2  
  24  2:27  Drone x2  
  27  2:36  Drone x2  
  29  2:55  Hatchery  
  29  2:56  Drone x2  
  30  3:05  Drone x2  
  31  3:20  Drone x4  
  31  3:22  Drone x3  
  31  3:26  Overlord  
  38  3:33  Drone x3  
  41  3:38  Queen  
  43  3:45  Overlord  
  43  3:48  Zergling x4  
  45  3:57  Lair  
  45  4:00  Extractor  
  45  4:01  Roach Warren, Drone x2  
  45  4:02  Drone  
  46  4:04  Drone  
  46  4:05  Drone  
  48  4:12  Drone x4  
  52  4:24  Drone  
  52  4:25  Drone, Extractor  
  52  4:26  Extractor  
  52  4:27  Drone x3  
  55  4:35  Overlord  
  55  4:36  Evolution Chamber  
  55  4:37  Evolution Chamber  
  53  4:44  Overlord x2  
  53  4:54  Drone x8  
  53  4:55  Glial Reconstitution  
  61  5:06  Zerg Missile Weapons Level 1, Zerg Ground Armor Level 1  
  61  5:21  Spore Crawler  
  58  5:22  Spore Crawler  
  58  5:24  Spore Crawler  
  58  5:25  Overlord  
  56  5:29  Roach x8  
  56  5:31  Hydralisk Den  
  56  5:34  Overseer  
  71  5:39  Drone  
  71  5:42  Extractor  
  71  5:43  Extractor  
  71  5:44  Drone x5  
  71  5:45  Drone x2  
  77  5:55  Roach  
  77  5:56  Roach x4  
  87  6:17  Hydralisk  
  89  6:21  Overlord x2, Muscular Augments  
  89  6:32  Overlord  
  89  6:33  Overlord x2  
  89  6:42  Hydralisk x4  
  97  6:50  Overlord x2  
  97  6:56  Hydralisk  
  97  6:57  Hydralisk x7  
  113  7:02  Zerg Missile Weapons Level 2  
  113  7:10  Drone x6  
  113  7:14  Overlord  
  119  7:20  Drone x3  
  122  7:23  Zerg Ground Armor Level 2  
  122  7:34  Overlord, Spore Crawler  
  111  7:57  Hydralisk x4  
  105  7:58  Hydralisk x8  
  105  8:03  Overlord  
  105  8:05  Overlord  
  119  8:07  Drone x3  
  122  8:14  Overlord  
  122  8:26  Hydralisk  
  122  8:27  Hydralisk x7  
  128  8:42  Hydralisk x6  
  128  8:46  Drone x3  
  128  8:47  Drone x2  
  145  8:53  Infestation Pit  
  126  9:13  Spire  
  126  9:16  Hydralisk  
  113  9:17  Hydralisk x6  
  123  9:33  Hive, Spore Crawler  
  123  9:34  Spore Crawler  
  123  9:37  Hatchery, Extractor x2  
  118  9:44  Spine Crawler  
  118  9:45  Hydralisk  
  117  9:46  Hydralisk x4  
  117  9:47  Hydralisk  
  129  9:57  Overlord  
  129  9:58  Zerg Melee Weapons Level 1  
  129  10:02  Overlord  
  129  10:15  Overseer  
  129  10:16  Overseer x2  
  129  10:18  Overlord x2  
  129  10:31  Corruptor x4  
  137  10:37  Spine Crawler  
  137  10:38  Spine Crawler  
  137  10:40  Spine Crawler x3  
  129  10:56  Corruptor x3  
  127  10:59  Queen  
  125  11:19  Pneumatized Carapace  
  122  11:33  Roach x14  
  122  11:34  Roach  
  122  11:36  Overlord  
  152  11:47  Overseer x2  
  152  11:52  Hatchery  
  151  12:04  Drone x3  
  151  12:05  Drone x3  
  151  12:06  Drone  
  158  12:27  Ravager x4  
  162  12:32  Drone  
  162  12:33  Drone x9  
  139  13:11  Hatchery  
Tags
 
Add a new tag
Caveats
  • Supply blocks, unpowered buildings, or Contaminate may cause inaccurate times.
  • Supply counts are checked every 10 seconds.